 Dungeon Crawl Stone Soup version 0.30.0-29-ga12c61a403 (webtiles) character file.

Game seed: 9228788149538723105

147 McKennaii the Conjurer (level 4, 0/33 HPs)
             Began as a Demigod Conjurer on June 10, 2023.
             Killed from afar by an orc wizard (8 damage)
             ... with a magic dart
             ... on level 4 of the Dungeon.
             The game lasted 00:02:45 (2996 turns).

McKennaii the Conjurer (Demigod Conjurer)           Turns: 2996, Time: 00:02:45

Health: 0/33       AC:  2    Str:  8    XL:     4   Next: 80%
Magic:  6/11       EV: 12    Int: 24    God:
Gold:   131        SH:  0    Dex: 12    Spells: 6/9 levels left

rFire   . . .        (no weapon)
rCold   . . .        (no shield)
rNeg    . . .        a - +0 robe
rPois   .            (no helmet)
rElec   .            (no cloak)
rCorr   .            (no gloves)
SInv    .            (no boots)
Will    .....        (no amulet)
Stlth   ++           (no ring)
HPRegen 0.25/turn    (no ring)
MPRegen 0.12/turn

%: no passive effects
@: no status effects
A: high MP 1, forlorn, divine attributes
a: no special abilities


You were on level 4 of the Dungeon.
You visited 1 branch of the dungeon, and saw 4 of its levels.

You collected 131 gold pieces.

Inventory:

Armour
 a - a +0 robe (worn)
Scrolls
 d - 2 scrolls of teleportation {unknown}
 g - 2 scrolls of identify {unknown}
 h - a scroll of amnesia {unknown}
 k - a scroll of blinking {unknown}
 l - a scroll of enchant armour {unknown}
 m - a scroll of enchant weapon {unknown}
Potions
 b - 3 potions of magic
 c - a potion of cancellation {unknown}
 e - a potion of berserk rage {unknown}
 f - 3 potions of resistance {unknown}
 i - a potion of curing {unknown}
 j - a potion of heal wounds {unknown}
 n - a potion of mutation {unknown}
 o - a potion of lignification {unknown}
 p - a potion of attraction {unknown}
 q - 2 potions of degeneration {unknown}


   Skills:
 - Level 1.7 Dodging
 - Level 1.7 Stealth
 + Level 3.3 Spellcasting
 + Level 4.8 Conjurations


You had 6 spell levels left.
You knew the following spells:

 Your Spells              Type           Power      Damage    Failure   Level
a - Magic Dart            Conj           100%       1d8       1%          1
b - Searing Ray           Conj           54%        2d6       2%          2

Your spell library contained the following spells:

 Spells                   Type           Power      Damage    Failure   Level
 Summon Small Mammal      Summ           16%        N/A       11%         1
 Dazzling Flash           Conj/Hex       30%        N/A       12%         3
 Call Imp                 Summ           8%         N/A       16%         2
 Mephitic Cloud           Conj/Pois/Air  11%        N/A       16%         3
 Fulminant Prism          Conj/Hex       7%         3d7       36%         4
 Iskenderun's Mystic Bla  Conj/Tloc      15%        2d5       36%         4


Dungeon Overview and Level Annotations

Branches:
Dungeon (4/15)
 Temple: D:4-7


Innate Abilities, Weirdness & Mutations

You have an increased reservoir of magic. (+10% MP)
You shall have no god before yourself.
Your divine heritage dramatically boosts your attributes as you level up.


Message History

You start resting.
HP restored.
You start resting.
Magic restored.
You climb downwards.
An orc comes into view. It is wielding a +0 hand axe.
There is a stone staircase leading up here.
There are monsters nearby!
Casting: Magic Dart (safe; 1% risk of failure)
Confirm with . or Enter, or press ? or * to list all spells.
Aiming: Searing Ray (safe; 2% risk of failure)
Press: ? - help, Shift-Dir - straight line, f - orc priest
Aim: an orc priest, wielding a +0 whip (79% to hit)
The searing ray misses the orc.
The searing ray hits the orc priest.
The orc priest is heavily wounded. (Press . to maintain the ray.)
The orc shouts!
The orc wizard gestures wildly while chanting.
The orc wizard flickers and vanishes!
Deactivating autopickup; reactivate with Ctrl-A.
The searing ray hits the orc!
The orc is almost dead.
The searing ray hits the orc priest.
The orc priest is severely wounded.
The searing ray hits the orc priest.
The orc priest is almost dead.
The orc hits you with a +0 mace.
The orc priest calls down the wrath of Beogh upon you.
Pain shoots through your body!
The searing ray hits the orc priest.
You kill the orc priest!
You finish channelling your searing ray.
The orc hits you with a +0 mace. Something hits you.
* * * LOW HITPOINT WARNING * * *
Unknown command.
The orc barely misses you.
You hear some strange, mumbled words.
A magic dart appears from out of thin air!
The magic dart hits you!
You die...

#. .....## ..
......|
#.#.....#
.....!.
.....####
#.......#
#.......#
#@o[....#
#....){......
#####.......#
#..o....#
#.......#
####)#### )#
..


You could see 2 orcs.

Vanquished Creatures
  A sleepcap (D:2)
  An orc priest (D:4)
  2 adders (D:3)
  A worm (D:3)
  A dart slug (D:2)
  2 orcs (D:4)
  3 ball pythons
  11 bats
  4 endoplasms
  3 giant cockroaches
  4 goblins
  7 hobgoblins
  4 jackals (D:1)
  4 kobolds
  3 quokkas
  5 frilled lizards
  5 rats
61 creatures vanquished.

Notes
Turn   | Place    | Note
-------+----------+-------------------------------------------
     0 | D:1      | McKennaii the Demigod Conjurer began the quest for the Orb.
     0 | D:1      | Reached XP level 1. HP: 14/14 MP: 5/5
   416 | D:1      | Reached XP level 2. HP: 20/20 MP: 5/7
   670 | D:1      | Reached skill level 4 in Conjurations
   772 | D:1      | Got Plato's Omnibus of Illusion
  1364 | D:2      | Learned a level 2 spell: Searing Ray
  1557 | D:2      | Reached XP level 3. HP: 26/26 MP: 6/9
  2302 | D:3      | Reached XP level 4. HP: 33/33 MP: 6/11
  2552 | D:3      | Identified the +0 robe of the Wild Haggis {+Blink Will-
                  | Str+5 Archmagi}
  2996 | D:4      | Killed from afar by an orc wizard

Illustrated notes

Levels and vault maps discovered:
D:1:      evilmike_arrival_plus, layout_loops_ring,
          shapermc_ecumenical_altar_rom_forum, roderic_serpentine_path,
          roderic_roman_lattice, minmay_misc_feat_columns, minmay_crystal_water
D:2:      layout_loops_cross
D:3:      layout_rooms, nicolae_overflow_hidden_temple, minmay_statues_item
D:4:      layout_loops_ring, mainiacjoe_overflow_alcove_2

Skill      XL: |  1  2  3 |
---------------+----------+-----
Spellcasting   | 2 3 |  3.3
Conjurations   | 4 |  4.8
Dodging        | |  1.7
Stealth        | |  1.7

Action                     |  1- 3 |  4- 6 || total
---------------------------+-------+-------++-------
  Melee: Unarmed           |    58 |       ||    58
   Cast: Magic Dart        |    91 |    28 ||   119
         Searing Ray       |     3 |     3 ||     6
 Armour: Robe              |    31 |     1 ||    32
  Dodge: Dodged            |    74 |     1 ||    75
